 Dungeon Crawl Stone Soup version 0.30-a0-385-gfebfb9b408 (webtiles) character file.

Game seed: 2750727925354943253

268 MTVSty1e the Chopper (level 6, -2/56 HPs)
             Began as a Minotaur Fighter on Dec 2, 2022.
             Slain by an ogre
             ... wielding a +0 giant club
              (8 damage)
             ... on level 5 of the Dungeon.
             The game lasted 00:02:49 (3236 turns).

MTVSty1e the Chopper (Minotaur Fighter)             Turns: 3236, Time: 00:02:49

Health: -2/56      AC: 11    Str: 23    XL:     6   Next: 1%
Magic:  5/5        EV:  7    Int:  5    God:
Gold:   210        SH:  5    Dex: 13    Spells: 5/5 levels left

rFire   . . .      SeeInvis .    a - +0 war axe
rCold   + . .      Faith    .    c - +0 buckler
rNeg    + . .      Spirit   .    q - +1 chain mail of Zefynuum {rN+ Dex+4}
rPois   .          Reflect  .    (helmet restricted)
rElec   .          Harm     .    (no cloak)
rCorr   .          Rampage  .    r - +0 pair of gloves
Will    .....                    (no boots)
Stlth   ..........               g - amulet of the acrobat
HPRegen 0.29/turn                e - ring of protection from cold
MPRegen 0.09/turn                (no ring)

@: no status effects
A: horns 2, retaliatory headbutt
a: no special abilities


You were on level 5 of the Dungeon.
You visited 1 branch of the dungeon, and saw 5 of its levels.

You collected 210 gold pieces.

Inventory:

Hand Weapons
 a - a +0 war axe (weapon)
Armour
 b - a +0 scale mail
 c - a +0 buckler (worn)
 m - a +0 ring mail of poison resistance
 q - the +1 chain mail of Zefynuum (worn) {rN+ Dex+4}
   (You found it on level 3 of the Dungeon)

   Dex:       It affects your dexterity (+4).
   rN:        It protects you from negative energy.
 r - a +0 pair of gloves (worn)
Jewellery
 e - a ring of protection from cold (left hand)
 g - an amulet of the acrobat (around neck)
Scrolls
 f - 8 scrolls of identify {unknown}
 i - a scroll of blinking {unknown}
 l - 2 scrolls of teleportation {unknown}
 p - a scroll of amnesia {unknown}
 s - 2 scrolls of noise {unknown}
 t - a scroll of poison {unknown}
 u - a scroll of fog {unknown}
 v - 2 scrolls of fear {unknown}
Potions
 d - a potion of might
 h - 2 potions of haste {unknown}
 j - 2 potions of brilliance {unknown}
 k - a potion of heal wounds {unknown}
 n - 2 potions of cancellation {unknown}
 o - 4 potions of lignification {unknown}
 w - 2 potions of curing {unknown}


   Skills:
 + Level 5.5 Fighting
 * Level 6.4 Axes
 - Level 3.6 Armour
 - Level 3.6 Shields


You had 5 spell levels left.
You didn't know any spells.
Your spell library contained the following spells:

 Spells                   Type           Power      Damage    Failure   Level
 Beastly Appendage        Tmut           0%         N/A       99%         1
 Kiss of Death            Conj/Necr      0%         2d5       99%         1
 Wereblood                Tmut           0%         N/A       100%        2
 Confusing Touch          Hex            0%         N/A       100%        3
 Spider Form              Tmut/Pois      0%         N/A       100%        3
 Tukima's Dance           Hex            0%         N/A       100%        3
 Dispel Undead            Necr           0%         3d6       100%        4
 Passage of Golubria      Tloc           0%         N/A       100%        4
 Yara's Violent Unravell  Hex/Tmut       0%         3d3       100%        5


Dungeon Overview and Level Annotations

Branches:
Dungeon (5/15)
 Temple: D:4-7

Altars:
Cheibriados
Xom


Innate Abilities, Weirdness & Mutations

You have a pair of horns on your head.
You reflexively headbutt those who attack you in melee.


Message History

An adder comes into view.
The adder hisses angrily.
An adder is nearby!
You hit the adder.
The adder is heavily wounded.
The adder barely misses you. You furiously retaliate!
You headbutt the adder!
You kill the adder!
You have reached level 6!
You now have 210 gold pieces (gained 16).
h - 2 murky inky potions (gained 1)
Found two cloaks, a robe and 6 stones.
You open the door.
An ogre comes into view. It is wielding a +0 giant club.
Found an escape hatch in the floor.
There is an open door here.
You slash the ogre!
The ogre is heavily wounded.
The ogre hits you with a +0 giant club!!
Ouch! That really hurt!
You are too injured to fight recklessly!
You are too injured to fight recklessly!
You are too injured to fight recklessly!
You are too injured to fight recklessly!
You are too injured to fight recklessly!
You are too injured to fight recklessly!
You are too injured to fight recklessly!
You are too injured to fight recklessly!
An ogre is nearby!
You are too injured to fight recklessly!
An ogre is nearby!
You hit the ogre.
The ogre is heavily wounded.
The ogre hits you with a +0 giant club!!
* * * LOW HITPOINT WARNING * * *
You barely miss the ogre.
The ogre is heavily wounded.
You hit the ogre but do no damage.
The ogre is heavily wounded.
The ogre hits you with a +0 giant club!
You die...

#..#######.##..#.# ##..#
#.##....#
#...#######.#.....###########
#...........................#
#.........#####.###########.#
#.........# #.# #.#
#..#####..# #.# #.####
#..#[[?#..# ##'## #....#
#..#?$$#..# #.@.# #....#
#..#$([#..# #..O..# ##...#
#..#####..##.......# ##.##
#.........# #.# +.........+
#.# #.........# #.#
##...>...## #.# ##.....##
####.# #....#


You could see an ogre.

Vanquished Creatures
  2 scorpions (D:4)
  8 adders
  2 worms (D:2)
  A dart slug (D:2)
  9 orcs
  8 ball pythons
  5 endoplasms
  A giant cockroach (D:2)
  5 goblins
  7 hobgoblins
  11 kobolds
  A quokka (D:3)
  3 bats (D:3)
  A frilled lizard (D:3)
  6 rats
70 creatures vanquished.

Notes
Turn   | Place    | Note
-------+----------+-------------------------------------------
     0 | D:1      | MTVSty1e the Minotaur Fighter began the quest for the Orb.
     0 | D:1      | Reached XP level 1. HP: 19/19 MP: 0/0
   217 | D:1      | Reached skill level 3 in Axes
   385 | D:1      | Reached XP level 2. HP: 27/27 MP: 1/1
  1249 | D:2      | Reached XP level 3. HP: 29/33 MP: 2/2
  1253 | D:2      | Reached skill level 4 in Axes
  1648 | D:3      | Identified the +1 chain mail of Zefynuum {rN+ Dex+4}
  1799 | D:3      | Reached XP level 4. HP: 32/41 MP: 3/3
  2323 | D:3      | Found a shimmering altar of Xom.
  2693 | D:4      | Noticed a scorpion
  2699 | D:4      | Reached skill level 5 in Axes
  2703 | D:4      | Killed a scorpion
  2704 | D:4      | Reached skill level 5 in Fighting
  2704 | D:4      | Reached XP level 5. HP: 45/48 MP: 4/4
  2820 | D:4      | Found a snail-covered altar of Cheibriados.
  2881 | D:4      | Reached skill level 6 in Axes
  3151 | D:5      | Entered Level 5 of the Dungeon
  3182 | D:5      | Reached XP level 6. HP: 56/56 MP: 5/5
  3236 | D:5      | Slain by an ogre

Illustrated notes

Levels and vault maps discovered:
D:1:      lightli_arrival_flooded_house, layout_loops_corners
D:2:      layout_loops_ring
D:3:      layout_basic, general_overflow_altar
D:4:      layout_loops_ring, mainiacjoe_overflow_24_doors, minmay_quadrilaterals
D:5:      layout_loops_corners, lemuel_doored_altar, due_unseen_surprise

Skill      XL: |  1  2  3  4  5 |
---------------+----------------+-----
Axes           | 3 4 5 6 |  6.4
Fighting       | 4 5 |  5.5
Armour         | |  3.6
Shields        | |  3.6

Action                   |  1- 3 |  4- 6 || total
-------------------------+-------+-------++-------
Melee: War axe           |    78 |    53 ||   131
       Headbutt          |    13 |     7 ||    20
  Use: Potion            |       |     1 ||     1
Armor: Scale mail        |    19 |       ||    19
       Chain mail        |    11 |    25 ||    36
       Ring mail         |     4 |       ||     4
Dodge: Dodged            |    21 |    29 ||    50
Block: Buckler           |    11 |    19 ||    30

Table legend: (Time is in decaauts)
 A = Elapsed time spent in this place.
 B = Non-inter-level travel time spent in this place.
 C = Inter-level travel time spent in this place.
 D = Time resting spent in this place.
 E = Time spent auto-exploring this place.
 F = Levels seen in this place.
 G = Mean time per level.
                   A        B        C        D        E       F      G
               +--------+--------+--------+--------+--------+-----+--------+
         Total |   3278 |   3197 |     81 |    100 |   2646 |   5 |  655.6 |
       Dungeon |   3278 |   3197 |     81 |    100 |   2646 |   5 |  655.6 |
               +--------+--------+--------+--------+--------+-----+--------+

Top non-repeatable levels by time:
     D:3: 930 daAuts
     D:1: 882 daAuts
     D:2: 778 daAuts
     D:4: 601 daAuts
     D:5: 85 daAuts
